 Dungeon Crawl Stone Soup version 0.28.0-45-g0d030f2227 (webtiles) character file.

Game seed: 8126600515088143664

133 pkoi the Gusty (level 4, -1/34 HPs)
             Began as a Demigod Air Elementalist on Apr 7, 2022.
             Slain by an adder (2 damage)
             ... in a sewer.
             The game lasted 00:05:20 (3158 turns).

pkoi the Gusty (Demigod Air Elementalist)           Turns: 3158, Time: 00:05:21

Health: -1/34      AC:  2    Str: 13    XL:     4   Next: 63%
Magic:  10/10      EV: 12    Int: 17    God:
Gold:   85         SH:  0    Dex: 14    Spells: 4/8 levels left

rFire   . . .      SeeInvis .   k - +0 spear "Imopoc" {venom, rC+}
rCold   + . .      Faith    .   (no shield)
rNeg    . . .      Spirit   .   a - +0 robe
rPois   .          Reflect  .   (no helmet)
rElec   .          Harm     .   (no cloak)
rCorr   .          Rampage  .   (no gloves)
Will    .....                   (no boots)
Stlth   ++........              (no amulet)
HPRegen 0.11/turn               (no ring)
MPRegen 0.12/turn               (no ring)

@: lethally poisoned (-1 -> -17), hasted, very quick
A: high MP 1, forlorn, divine attributes
a: no special abilities


You were in a sewer.
You visited 1 branch of the dungeon, and saw 3 of its levels.
You also visited: Sewer.

You collected 85 gold pieces.

Inventory:

Hand Weapons
 b - a +0 rapier
 k - the +0 spear "Imopoc" (weapon) {venom, rC+}
   (You found it on level 2 of the Dungeon)

   It poisons the flesh of those it strikes.
   rC:        It protects you from cold.
Armour
 a - a +0 robe (worn)
Jewellery
 i - an amulet of the acrobat
Scrolls
 c - 2 scrolls of amnesia {unknown}
 e - 2 scrolls of identify {unknown}
 f - 2 scrolls of holy word {unknown}
Potions
 d - a potion of haste
 g - a potion of curing {unknown}
 h - a potion of mutation {unknown}
 j - a potion of resistance {unknown}


   Skills:
 + Level 0.4 Fighting
 + Level 1.9 Dodging
 - Level 1.7 Stealth
 + Level 2.5 Spellcasting
 + Level 1.1 Conjurations
 + Level 4.5 Air Magic


You had 4 spell levels left.
You knew the following spells:

 Your Spells              Type           Power      Damage    Failure   Level
a - Shock                 Conj/Air       44%        1d5       6%          1
b - Swiftness             Air            17%        N/A       9%          3

Your spell library contained the following spells:

 Spells                   Type           Power      Damage    Failure   Level
 Static Discharge         Conj/Air       11%        N/A       9%          2
 Animate Skeleton         Necr           4%         N/A       19%         1
 Apportation              Tloc           4%         N/A       19%         1
 Beastly Appendage        Tmut           4%         N/A       19%         1
 Summon Small Mammal      Summ           8%         N/A       19%         1
 Wereblood                Tmut           2%         N/A       28%         2
 Airstrike                Air            8%         N/A       28%         4
 Spider Form              Tmut/Pois      2%         N/A       50%         3
 Blade Hands              Tmut           1%         N/A       99%         5
 Irradiate                Conj/Tmut      2%         3d14      99%         5
 Dragon Form              Tmut           1%         N/A       100%        7


Dungeon Overview and Level Annotations

Branches:
Dungeon (3/15)              Sewer (1/1)


Innate Abilities, Weirdness & Mutations

You have an increased reservoir of magic. (+10% MP)
You shall have no god before yourself.
Your divine heritage dramatically boosts your attributes as you level up.


Message History

There are monsters nearby!
Your unstable footing causes you to fumble your attack.
The adder bites you. The adder bites you.
The adder bites you but does no damage. The adder completely misses you.
You hit the adder.
The adder is poisoned.
The adder is lightly wounded.
The adder bites you.
* * * LOW HITPOINT WARNING * * *
You are poisoned.
The adder poisons you! The adder barely misses you.
You miss the adder.
The adder is lightly wounded.
You feel sick. The adder barely misses you.
The frilled lizard bites you but does no damage.
Unknown command.
You closely miss the frilled lizard.
You feel sick. The adder bites you but does no damage.
The frilled lizard barely misses you. The adder bites you.
* * * LOW HITPOINT WARNING * * *
You are more poisoned.
The adder poisons you!
Unknown command.
You miss the frilled lizard.
You feel sick. The adder bites you.
* * * LOW HITPOINT WARNING * * *
You are lethally poisoned!
The adder poisons you! The frilled lizard bites you.
* * * LOW HITPOINT WARNING * * *
Unknown command.
* * * LOW HITPOINT WARNING * * *
You feel very sick. The adder bites you.
* * * LOW HITPOINT WARNING * * *
You are more poisoned.
The adder poisons you!
It was a potion of haste.
You feel yourself speed up.
* * * LOW HITPOINT WARNING * * *
You feel very sick. The frilled lizard closely misses you. The adder bites you.
You die...

≈≈≈≈# ≈≈≈≈# #≈≈≈#
#≈≈.# ##≈≈≈# ####
#≈.≈≈# ###∩.###
####≈≈.#
#∩.....####.≈≈≈≈≈#
#.........@S≈≈≈≈B#
#.........≈l≈.≈≈≈#
##.....##.####≈≈≈#
##...##### #≈≈≈#
##### #≈≈≈# ≈≈≈≈≈≈
≈≈≈≈≈≈≈ ≈≈≈≈.≈≈≈≈≈
##########


You could see an adder (poisoned), a giant cockroach and a frilled lizard.

Vanquished Creatures
  A gnoll (D:1)
  4 adders
  A river rat (D:3)
  A worm (D:2)
  2 dart slugs
  8 ball pythons
  2 endoplasms (D:1)
  2 giant cockroaches
  5 goblins
  5 hobgoblins
  5 jackals
  9 kobolds
  8 quokkas
  6 bats
  3 frilled lizards
  7 rats
69 creatures vanquished.

Notes
Turn   | Place    | Note
-------+----------+-------------------------------------------
     0 | D:1      | pkoi the Demigod Air Elementalist began the quest for the
                  | Orb.
     0 | D:1      | Reached XP level 1. HP: 14/14 MP: 5/5
    27 | D:1      | Reached skill level 3 in Air Magic
   292 | D:1      | Reached XP level 2. HP: 20/20 MP: 4/7
   710 | D:1      | Reached XP level 3. HP: 26/26 MP: 1/8
   998 | D:1      | Reached skill level 4 in Air Magic
  1849 | D:2      | Identified the +0 spear "Imopoc" {venom, rC+}
  2129 | D:2      | Reached XP level 4. HP: 22/33 MP: 0/10
  2830 | D:3      | Learned a level 3 spell: Swiftness
  2947 | D:3      | Reached skill level 1 in Conjurations
  3035 | D:3      | Found a glowing drain.
  3039 | Sewer    | Entered a sewer
  3158 | Sewer    | HP: 1/34 [poisoned by an adder]
  3158 | Sewer    | Slain by an adder

Illustrated notes

Levels and vault maps discovered:
D:1:      amcnicky_arrival_feature_with_door, layout_basic
D:2:      layout_basic, basic_ecumenical_altar, minmay_misc_feat_chi,
          minmay_misc_feat_doors
D:3:      layout_rooms, gup_sewer_entry_spiral, feat_on_display
Sewer:    sewer_fruit_machine

Skill      XL: |  1  2  3  4 |
---------------+-------------+-----
Air Magic      | 3 4 |  4.5
Spellcasting   | 2 |  2.5
Conjurations   | 1 |  1.1
Fighting       | |  0.4
Dodging        | |  1.9
Stealth        | |  1.7

Action                   |  1- 3 |  4- 6 || total
-------------------------+-------+-------++-------
Melee: Rapier            |    20 |       ||    20
       Spear             |     3 |    32 ||    35
 Cast: Shock             |   100 |    27 ||   127
  Use: Potion            |       |     1 ||     1
 Stab: Sleeping          |     1 |       ||     1
Armor: Robe              |     7 |     6 ||    13
Dodge: Dodged            |    26 |    26 ||    52
